 Dungeon Crawl Stone Soup version 0.27-a0-40-g5f2be0e231 (webtiles) character file.

Game seed: 7133931518250915335

315 jestyr24 the Skirmisher (level 6, -1/50 HPs)
             Began as a Demonspawn Abyssal Knight on Jan 6, 2021.
             Was a Believer of Lugonu.
             Slain by Crazy Yiuf
             ... wielding a +4 quarterstaff of chaos
              (6 damage)
             ... on level 3 of the Dungeon.
             The game lasted 00:14:58 (2666 turns).

jestyr24 the Skirmisher (Demonspawn Abyssal Knight) Turns: 2666, Time: 00:14:58

Health: -1/50      AC:  7    Str: 14    XL:     6   Next: 19%
Magic:  9/9        EV: 12    Int: 14    God:    Lugonu [**....]
Gold:   166        SH:  5    Dex: 12    Spells: 5/5 levels left

rFire    . . .     SeeInvis +   a - +1 hand axe
rCold    . . .     Faith    .   (no shield)
rNeg     . . .     Spirit   .   b - +0 leather armour
rPois    +         Reflect  +   (no helmet)
rElec    .         Harm     .   (no cloak)
rCorr    .         Rampage  .   (no gloves)
Will     .....                  (no boots)
Stlth    +.........             d - amulet of reflection
HPRegen  0.16/turn              c - ring of see invisible
MPRegen  0.11/turn              (no ring)

@: lethally poisoned (-1 -> -7)
A: slimy green scales 3
a: Renounce Religion, Depart the Abyss, Bend Space


You were on level 3 of the Dungeon.
You worshipped Lugonu.
Lugonu was pleased with you.
You visited 1 branch of the dungeon, and saw 3 of its levels.
You visited the Abyss 1 time.

You collected 166 gold pieces.

Inventory:

Hand Weapons
 a - a +1 hand axe (weapon)
 f - a +0 club
 g - a +1 dagger of draining
 n - a +0 spear
 q - a +0 short sword of venom
Armour
 b - a +0 leather armour (worn)
Jewellery
 c - a ring of see invisible (left hand)
 d - an amulet of reflection (around neck)
Wands
 i - a wand of random effects (11)
Scrolls
 e - 5 scrolls of remove curse
 k - 2 scrolls of fog
 o - a scroll of amnesia
 s - a scroll of enchant weapon {unknown}
 t - a scroll of random uselessness {unknown}
 u - a scroll of identify {unknown}
 v - a scroll of teleportation
Potions
 h - 3 potions of heal wounds
 j - a potion of might
 l - 3 potions of degeneration {unknown}
 m - a potion of resistance {unknown}
 p - 2 potions of attraction {unknown}
 r - a potion of brilliance {unknown}


   Skills:
 * Level 4.8 Fighting
 - Level 2.2 Axes
 + Level 2.8 Armour
 + Level 2.2 Dodging
 + Level 1.6 Shields
 * Level 4.0 Invocations


You had 5 spell levels left.
You didn't know any spells.
Your spell library was empty.

Dungeon Overview and Level Annotations

Branches:
Dungeon (3/15)

Altars:
Gozag
Zin

Shops:
D:2 *

Annotations:
D:3 2 transporters, Crazy Yiuf; delverdan's ghost, amateur TrDe


Innate Abilities, Weirdness & Mutations

You are completely covered in slimy green scales. (AC +4, rPois)


Message History

* * * LOW HITPOINT WARNING * * *
You feel sick. Crazy Yiuf barely misses you.
You completely miss Crazy Yiuf.
Crazy Yiuf is severely wounded.
* * * LOW HITPOINT WARNING * * *
You feel sick. You block Crazy Yiuf's attack.
You hit Crazy Yiuf but do no damage.
Crazy Yiuf is severely wounded.
* * * LOW HITPOINT WARNING * * *
You feel sick. Crazy Yiuf misses you.
You hit Crazy Yiuf.
Crazy Yiuf is almost dead.
* * * LOW HITPOINT WARNING * * *
You feel sick. Crazy Yiuf barely misses you.
You completely miss Crazy Yiuf.
Crazy Yiuf is almost dead.
* * * LOW HITPOINT WARNING * * *
You feel sick.
Crazy Yiuf hits you with a +4 quarterstaff of chaos.
You die...

#...# #...###
#.....## #...#..#
###.##.# #..#.#
####♣♣ ### ##.#.#
##....♣♣ ♣♣#..)#
#.....
#......♣♣♣♣@g...#
###..###
#.....P.♣..♣#...#
#....###
#.#..P.♣.♣♣♣ ###
#...##.†.)
#.###♣♣♣♣♣ ###
##..# #.# #(##
#.# ##..# #.#
#...# #.# ##.#.#
#.# #..#.#


You could see Crazy Yiuf.

Vanquished Creatures
  Sigmund (D:3)
  Natasha (thrice) (D:3)
  A gnoll (D:1)
  An adder (D:3)
  An ooze (D:1)
  A worm (D:3)
  3 dart slugs
  A leopard gecko (D:1)
  An orc (D:3)
  A ball python (D:2)
  3 giant cockroaches
  10 goblins
  12 hobgoblins
  6 jackals
  A quokka (D:3)
  8 bats
  2 frilled lizards (D:2)
  9 kobolds
  4 rats
69 creatures vanquished.

Notes
Turn   | Place    | Note
-------+----------+-------------------------------------------
     0 | Abyss:1  | jestyr24 the Demonspawn Abyssal Knight began the quest for
                  | the Orb.
     0 | Abyss:1  | Reached XP level 1. HP: 18/18 MP: 2/2
    24 | Abyss:1  | Noticed a thrashing horror
    26 | D:1      | Escaped the Abyss
   166 | D:1      | Gained mutation: You are partially covered in slimy green
                  | scales. (AC +2) [demonic ancestry]
   166 | D:1      | Reached XP level 2. HP: 22/24 MP: 3/3
   171 | D:1      | Reached * piety under Lugonu
   176 | D:1      | Reached skill level 1 in Dodging
   342 | D:1      | Reached XP level 3. HP: 28/30 MP: 4/4
  1200 | D:2      | Gained mutation: You are mostly covered in slimy green
                  | scales. (AC +3) [demonic ancestry]
  1200 | D:2      | Reached XP level 4. HP: 35/37 MP: 6/6
  1389 | D:2      | Found an opulent altar of Gozag.
  1633 | D:2      | Reached ** piety under Lugonu
  1635 | D:2      | Found Zin's Purification Station.
  1640 | D:2      | Found a glowing silver altar of Zin.
  1906 | D:3      | Noticed Sigmund
  1928 | D:3      | Killed Sigmund
  1929 | D:3      | Reached skill level 1 in Shields
  1929 | D:3      | Reached XP level 5. HP: 12/43 MP: 7/7
  2166 | D:3      | Noticed Natasha
  2183 | D:3      | Killed Natasha
  2184 | D:3      | Gained mutation: You are completely covered in slimy green
                  | scales. (AC +4, rPois) [demonic ancestry]
  2184 | D:3      | Reached XP level 6. HP: 28/49 MP: 8/8
  2217 | D:3      | Noticed Natasha
  2224 | D:3      | Killed Natasha
  2413 | D:3      | Noticed Natasha
  2427 | D:3      | Killed Natasha
  2549 | D:3      | Found a transporter.
  2551 | D:3      | Found a transporter.
  2553 | D:3      | Noticed delverdan's ghost (amateur TrDe)
  2649 | D:3      | Found a runed translucent door.
  2650 | D:3      | Noticed Crazy Yiuf
  2666 | D:3      | Slain by Crazy Yiuf

Illustrated notes

Levels and vault maps discovered:
D:1:      dpeg_arrival_leaves_temple_mockup, layout_basic
D:2:      layout_basic, zin_purify,
          nicolae_gozag_cash_rules_everything_around_me
D:3:      layout_rooms, gammafunk_ghost_mausoleum, uniq_crazy_yiuf_cottage,
          uniq_natasha, uniq_grinder, uniq_sigmund

Skill      XL: |  1  2  3  4  5  6 |
---------------+-------------------+-----
Dodging        | 1 2 |  2.2
Axes           | 2 |  2.2
Armour         | 2 |  2.8
Fighting       | 4 |  4.8
Invocations    | 3 4 |  4.0
Shields        | 1 |  1.6

Action                   |  1- 3 |  4- 6 || total
-------------------------+-------+-------++-------
Melee: Hand axe          |   106 |   113 ||   219
Invok: Depart the Abyss  |     1 |       ||     1
  Use: Scroll            |       |     4 ||     4
       Potion            |       |     2 ||     2
Armor: Leather armour    |    42 |    17 ||    59
Dodge: Dodged            |    86 |    65 ||   151
Block: Other             |    24 |    34 ||    58

Table legend: (Time is in decaauts)
 A = Elapsed time spent in this place.
 B = Non-inter-level travel time spent in this place.
 C = Inter-level travel time spent in this place.
 D = Time resting spent in this place.
 E = Time spent auto-exploring this place.
 F = Levels seen in this place.
 G = Mean time per level.
                   A        B        C        D        E       F      G
               +--------+--------+--------+--------+--------+-----+--------+
         Total |   2707 |   2707 |      0 |    636 |   1361 |   4 |  676.8 |
       Dungeon |   2681 |   2681 |      0 |    636 |   1337 |   3 |  893.7 |
         Abyss |     26 |     26 |      0 |      0 |     24 |   1 |   26.0 |
               +--------+--------+--------+--------+--------+-----+--------+

Top non-repeatable levels by time:
     D:1: 1033 daAuts
     D:3: 834 daAuts
     D:2: 812 daAuts
 Abyss:1: 26 daAuts
